AoeStats
← Ben

Arena

507715804Analyzed
4v4 RM · 12d ago on Sep 19, 2026· 58m 3s· 8 players
Game mode
Random Map
Map size
Large (8 player)
Population
200
Speed
Normal
Resources
Standard
Victory
Conquest
Starting age
Dark Age
Ending age
Imperial Age
RankedLock teamsTeams togetherTeam positionsShared explorationLock speedFull tech treeHidden civsTurbo modeCheats
Victory
Defeat
🇺🇸 Vietnamese · United States
942
+9
🇦🇺 Hindustanis · Australia
927
+10
🇮🇹 Burgundians · Italy
861
+12
🇹🇼 Maya · Taiwan
647
+21
🇨🇳 Romans · China
807
-14
🇨🇳 Poles · China
780
-13
🇹🇼 Turks · Taiwan
779
-13
🇩🇰 Lithuanians · Denmark
755
-20
tadasu
13:02 Feudal Age
13:43 Double-Bit Axe
14:37 Wheelbarrow
13:47 Horse Collar
14:48 Stone Mining
14:51 Gold Mining
21:36 Castle Age
22:45 Bow Saw
22:37 Heavy Plow
26:00 Hand Cart
26:45 Gold Shaft Mining
26:13 Caravan
33:01 Imperial Age
31:17 Fervor
33:01 Padded Archer Armor
33:16 Elite Janissary
33:57 Artillery
34:18 Conscription
35:30 Two-Man Saw
34:59 Leather Archer Armor
37:07 Ring Archer Armor
36:44 Treadmill Crane
43:05 Fletching
46:16 Bodkin Arrow
47:54 Ballistics
47:29 Murder Holes
51:03 Guilds
52:28 Scale Barding Armor
52:34 Forging
54:52 Bloodlines
54:46 Husbandry
M1chael Scott
10:43 Feudal Age
15:15 Castle Age
13:29 Double-Bit Axe
15:08 Scale Barding Armor
16:20 Bow Saw
22:01 Gold Mining
22:02 Stone Mining
24:18 Wheelbarrow
24:59 Horse Collar
29:06 Chain Barding Armor
30:01 Forging
35:28 Imperial Age
33:22 Hand Cart
35:05 Elite Skirmisher
38:47 Squires
39:13 Husbandry
39:40 Squires
39:00 Pikeman
41:19 Plate Barding Armor
40:47 Scale Mail Armor
ksffvbh
0:32 Loom
16:17 Feudal Age
18:49 Wheelbarrow
17:56 Horse Collar
18:08 Double-Bit Axe
18:53 Stone Mining
18:56 Gold Mining
21:48 Castle Age
22:50 Hand Cart
22:49 Bow Saw
22:42 Heavy Plow
23:19 Stone Shaft Mining
25:38 Treadmill Crane
31:11 Scale Barding Armor
31:16 Forging
33:41 Imperial Age
31:14 Husbandry
31:24 Bloodlines
30:35 Light Cavalry
33:06 Chain Barding Armor
33:22 Iron Casting
33:10 Town Watch
34:08 Winged Hussar
35:14 Conscription
35:15 Lechitic Legacy
36:20 Town Patrol
37:37 Blast Furnace
38:46 Scale Mail Armor
39:13 Arson
39:29 Squires
38:49 Pikeman
39:48 Chain Mail Armor
41:57 Plate Mail Armor
48:10 Crop Rotation
Iluvatar
9:31 Feudal Age
12:34 Loom
13:03 Loom
16:54 Castle Age
15:39 Double-Bit Axe
15:35 Horse Collar
18:07 Heavy Plow
19:07 Bow Saw
23:33 Gold Mining
26:18 Wheelbarrow
26:11 Stone Mining
27:00 Gold Shaft Mining
30:49 Imperial Age
28:09 Town Watch
28:11 Loom
29:00 Forging
29:34 Hand Cart
29:54 Scale Barding Armor
29:55 Scale Mail Armor
30:31 Iron Casting
30:16 Pikeman
30:58 Squires
30:19 Man-at-Arms
31:34 Ballistics
32:01 Chain Mail Armor
32:50 Chemistry
32:28 Crop Rotation
33:20 Fortified Wall
32:36 Long Swordsman
32:43 Heavy Scorpion
33:33 Legionary
36:36 Halberdier
48:58 Conscription
Ben
10:30 Feudal Age
12:39 Wheelbarrow
11:45 Horse Collar
11:51 Double-Bit Axe
12:06 Loom
18:05 Castle Age
16:05 Gold Mining
16:10 Stone Mining
19:11 Hand Cart
18:58 Heavy Plow
19:10 Bow Saw
28:00 Imperial Age
25:41 Fletching
27:10 Bodkin Arrow
27:16 Padded Archer Armor
28:06 Town Watch
28:58 Ballistics
29:48 Chemistry
30:17 Two-Man Saw
29:51 Crop Rotation
29:50 Siege Engineers
30:57 Paper Money
32:30 Bracer
32:45 Leather Archer Armor
33:25 Thumb Ring
34:34 Hoardings
34:06 Town Patrol
35:31 Ring Archer Armor
38:03 Scale Mail Armor
38:14 Forging
38:11 Scale Barding Armor
38:36 Elite Rattan Archer
44:04 Elite Skirmisher
45:41 Imperial Skirmisher
47:54 Iron Casting
47:35 Chain Mail Armor
47:29 Squires
47:16 Arson
50:10 Caravan
Gori91
10:59 Feudal Age
15:47 Castle Age
14:26 Double-Bit Axe
14:59 Horse Collar
18:55 Husbandry
25:34 Wheelbarrow
25:20 Bow Saw
28:36 Heavy Plow
32:00 Imperial Age
29:08 Cavalier
30:17 Gold Mining
30:18 Stone Mining
30:38 Scale Barding Armor
30:44 Forging
32:20 Two-Man Saw
32:15 Paladin
33:48 Crop Rotation
33:52 Ballistics
34:33 Chemistry
36:20 Chain Barding Armor
36:36 Iron Casting
36:48 Gold Shaft Mining
36:49 Stone Shaft Mining
40:07 Light Cavalry
41:59 Hussar
43:33 Plate Barding Armor
44:10 Blast Furnace
domoowop (Y.O. Ko)
2:52 Loom
13:46 Feudal Age
15:10 Wheelbarrow
14:20 Horse Collar
14:30 Double-Bit Axe
15:55 Stone Mining
23:25 Castle Age
21:43 Fletching
22:30 Gold Mining
22:56 Padded Archer Armor
25:56 Heavy Plow
27:05 Stone Shaft Mining
27:38 Thumb Ring
28:03 Crossbowman
28:47 Murder Holes
29:31 Bow Saw
29:03 Man-at-Arms
30:09 Forging
30:59 Scale Mail Armor
31:24 Caravan
31:48 Long Swordsman
32:13 Treadmill Crane
34:28 Arson
34:07 Pikeman
34:54 Hul'che Javelineers
35:02 Squires
35:40 Bodkin Arrow
35:14 Eagle Warrior
36:22 Hand Cart
36:45 Ballistics
41:23 Imperial Age
40:32 Fortified Wall
40:33 Masonry
41:40 Halberdier
41:46 Elite Eagle Warrior
42:54 Two-Handed Swordsman
43:36 Bracer
45:12 Iron Casting
45:41 Chemistry
46:04 Architecture
45:15 Arbalester
47:12 Two-Man Saw
50:27 Blast Furnace
49:43 Chain Mail Armor
50:04 Elite Skirmisher
52:25 Guilds
52:49 Coinage
53:03 Holcans
52:57 Conscription
52:12 Imperial Skirmisher
56:09 Hoardings
58:39 Block Printing
58:59 Sanctity
richnoob575
10:42 Feudal Age
15:17 Castle Age
16:01 Double-Bit Axe
19:23 Horse Collar
22:45 Fervor
23:52 Forging
24:28 Scale Barding Armor
25:00 Loom
26:19 Wheelbarrow
26:35 Chain Barding Armor
26:51 Iron Casting
26:55 Husbandry
27:26 Fletching
28:01 Bloodlines
29:10 Bodkin Arrow
30:04 Bow Saw
31:07 Heavy Plow
34:27 Imperial Age
32:50 Gold Mining
33:04 Caravan
33:10 Stone Mining
34:27 Ballistics
34:22 Masonry
34:52 Heavy Camel Rider
36:46 Siege Engineers
38:00 Plate Barding Armor
38:17 Grand Trunk Road
38:22 Imperial Camel Rider
42:01 Chemistry
41:57 Conscription
42:43 Hand Cart
44:01 Blast Furnace
47:55 Bracer
49:34 Padded Archer Armor
51:38 Fortified Wall
51:23 Murder Holes
53:52 Hoardings
55:26 Town Watch
55:59 Leather Archer Armor
55:32 Elite Skirmisher
56:17 Thumb Ring
57:11 Ring Archer Armor
56:17 Imperial Skirmisher
57:19 Town Patrol
Connection lost

Rejoining the realm…

Still unreachable

The connection could not be restored.

Session expired

The server has moved on; the page needs a fresh start.